 Dungeon Crawl Stone Soup version 0.25.1-2-g60ff931df9 (webtiles) character file.

Game seed: 11395242156338941230

9310 Allula97 the Cutter (level 11, -5/84 HPs)
             Began as a Demonspawn Gladiator on Nov 12, 2020.
             Was a Follower of Uskayaw.
             Slain by a seven-headed hydra (8 damage)
             ... on level 1 of the Lair of Beasts.
             The game lasted 00:53:38 (8816 turns).

Allula97 the Cutter (Demonspawn Gladiator)          Turns: 8816, Time: 00:53:40

Health: -5/84      AC:  8    Str: 16    XL:     11   Next: 21%
Magic:  18/18      EV: 16    Int: 11    God:    Uskayaw [*.....]
Gold:   702        SH:  5    Dex: 17    Spells: 15/19 levels left

rFire    + . .     SeeInvis +   h - +7 dagger (elec)
rCold    . . .     Gourm    .   y - +0 buckler
rNeg     . . .     Faith    .   i - +2 robe {Archmagi}
rPois    .         Spirit   .   (helmet unavailable)
rElec    .         Reflect  .   p - +0 cloak
rCorr    .         Harm     .   I - +2 pair of gloves
MR       .....     Clarity  +   (no boots)
Stlth    ++++++....             (no amulet)
HPRegen  0.24/turn              j - ring of stealth
MPRegen  0.16/turn              w - ring of protection from fire

@: no status effects
A: antennae 3, hooves 1, clarity, demonic guardian 1, nightstalker 1, strong 1,
wild magic 1
a: Stomp, Renounce Religion


You were on level 1 of the Lair of Beasts.
You worshipped Uskayaw.
Uskayaw was noncommittal.
You were hungry.

You visited 4 branches of the dungeon, and saw 12 of its levels.

You collected 702 gold pieces.

Inventory:

Hand Weapons
 a - a +0 rapier
 h - a +7 dagger of electrocution (weapon)
 k - a +1 dagger of pain
Missiles
 d - 7 poisoned darts
 m - 2 silver boomerangs
 n - a throwing net
 z - 3 datura-tipped darts (quivered)
Armour
 i - a +2 robe of the Archmagi (worn)
 p - a +0 cloak (worn)
 y - a +0 buckler (worn)
 I - a +2 pair of gloves (worn)
Jewellery
 j - a ring of stealth (left hand)
 r - a +6 ring of intelligence
 w - a ring of protection from fire (right hand)
Wands
 u - a wand of flame (25)
 x - a wand of iceblast (16)
 A - a wand of acid (11)
 C - a wand of paralysis (10)
Scrolls
 g - 2 scrolls of remove curse
 l - 3 scrolls of teleportation
 v - 3 scrolls of noise
 F - 2 scrolls of enchant armour
 G - 3 scrolls of amnesia
 H - a scroll of fear
Potions
 c - 4 potions of curing
 e - 5 potions of stabbing
 o - a potion of lignification {unknown}
 q - 2 potions of heal wounds
 s - 2 potions of magic
 t - 2 potions of ambrosia
 E - 2 potions of might
Comestibles
 f - 22 rations


   Skills:
 + Level 7.3 Fighting
 * Level 7.9 Short Blades
 - Level 1.7 Throwing
 - Level 1.3 Armour
 + Level 6.3 Dodging
 * Level 7.8 Stealth
 - Level 4.0 Shields
 + Level 4.9 Spellcasting
 + Level 3.0 Hexes
 + Level 0.1 Translocations
 + Level 6.8 Invocations


You had 15 spell levels left.
You knew the following spells:

 Your Spells              Type           Power        Failure   Level  Hunger
a - Blink                 Tloc           N/A          41%         2    ##.....
b - Slow                  Hex            ###.....     14%         2    ##.....

Your spell library contained the following spells:

 Spells                   Type           Power        Failure   Level  Hunger
 Magic Dart               Conj           #...         30%         1    None
 Call Imp                 Summ           #.......     41%         2    ##.....
 Conjure Flame            Conj/Fire      #.......     63%         3    ###....
 Mephitic Cloud           Conj/Pois/Air  #.......     63%         3    ###....


Dungeon Overview and Level Annotations

Branches:
Dungeon (9/15)             Temple (1/1) D:4            Lair (1/6) D:9
    Orc (1/2) D:9

Altars:
Ashenzari
Cheibriados
Dithmenos
Elyvilon
Fedhas
Gozag
Hepliaklqana
Kikubaaqudgha
Makhleb
Nemelex Xobeh
Okawaru
Qazlal
Ru
Sif Muna
Trog
Uskayaw
Vehumet
Wu Jian
Xom
Yredelemnul
Zin
The Shining One

Shops:
D:6 [   D:7 (   D:8 [


Innate Abilities, Weirdness & Mutations

You have a pair of large antennae on your head. (SInv)
A weak demonic guardian rushes to your aid.
You are slightly more attuned to the shadows.
You have large cloven feet.
You possess an exceptional clarity of mind.
Your muscles are strong. (Str +2)
Your spells are a little harder to cast, but a little more powerful.


Message History

Your shadow imp gestures at the seven-headed hydra.
The yak struggles to resist.
Your quasit is struck by the porcupine's spines.
Your quasit misses the porcupine.
Your quasit barely misses the porcupine.
Your quasit misses the porcupine. The porcupine bites your quasit!
Your quasit dies!
Your shadow imp gestures at the seven-headed hydra.
The porcupine struggles to resist.
Throwing (i - inventory. (/) - cycle)
z - 4 datura-tipped darts (quivered)
Press: ? - help, Shift-Dir - straight line, f/p - seven-headed hydra
Aim: a seven-headed hydra (lightly wounded, chance to frenzy on hit: 3%)
You throw a datura-tipped dart.
The datura-tipped dart hits the seven-headed hydra.
The seven-headed hydra resists.
The seven-headed hydra is lightly wounded.
The seven-headed hydra bites you!
* * * LOW HITPOINT WARNING * * *
The seven-headed hydra bites you!
You die...

# .. #..
#...######
#........#
##...##@# ..
......D## ...
##..P#Y# ....
#.S###r###....
##.##..#.P....
#....5.......#
.......<[......
........(.....#
...............


You could see a seven-headed hydra, a yak, a water moccasin (asleep), a
porcupine and a friendly shadow imp (summoned).

Vanquished Creatures
  2 two-headed ogres
  An unseen horror (shapeshifter) (D:6)
  Pikel (D:9)
  A komodo dragon (D:9)
  A troll (D:9)
  Grinder (D:5)
  7 yaks
  Grum (D:5)
  3 wargs
  2 porcupines (Lair:1)
  4 ice beasts
  A black bear (D:7)
  5 orc warriors
  A sky beast (D:9)
  2 slaves (D:9)
  6 ogres
  2 phantoms
  A wolf (D:5)
  A centaur (D:9)
  A big kobold (D:8)
  Blork the orc (D:4)
  The ghost of passata the Magician, an amateur DEFE (D:3)
  4 bullfrogs
  2 gnoll sergeants
  2 scorpions
  6 killer bees
  4 wights
  A howler monkey (D:6)
  4 crimson imps
  A bullfrog zombie (D:9)
  5 jellies
  13 hounds
  4 orc priests
  2 gnoll shamans (D:5)
  3 iguanas
  Jessica (D:2)
  A bullfrog skeleton (D:8)
  A centaur skeleton (D:4)
  6 orc wizards
  8 worker ants
  2 killer bee zombies
  A hound skeleton (D:5)
  A worker ant zombie (D:5)
  17 gnolls
  9 adders
  A shadow imp (D:8)
  5 oozes (D:9)
  3 adder skeletons
  A worm (D:4)
  A dart slug (D:3)
  5 leopard geckos
  43 orcs
  6 giant cockroaches
  3 goblins
  6 hobgoblins
  8 jackals
  11 kobolds
  5 quokkas
  7 bats
  12 frilled lizards
  A jackal skeleton (D:4)
  6 rats
  A plant (D:9)
269 creatures vanquished.

Vanquished Creatures (collateral kills)
  An orc warrior (D:7)
  Natasha (D:2)
  An ooze (D:3)
  A leopard gecko (D:6)
  An orc (D:3)
  A bat (D:3)
6 creatures vanquished.

Vanquished Creatures (others)
  2 slaves (D:9)
  A phantom (D:9)
  2 orc wizards (D:9)
  4 orcs
9 creatures vanquished.

Grand Total: 284 creatures vanquished

Notes
Turn   | Place    | Note
-------+----------+-------------------------------------------
     0 | D:1      | Allula97 the Demonspawn Gladiator began the quest for the
                  | Orb.
     0 | D:1      | Reached XP level 1. HP: 16/16 MP: 1/1
   260 | D:1      | Gained mutation: You have a pair of small antennae on your
                  | head. [demonic ancestry]
   260 | D:1      | Reached XP level 2. HP: 8/22 MP: 2/2
  1238 | D:2      | Gained mutation: You are slightly more attuned to the
                  | shadows. [demonic ancestry]
  1238 | D:2      | Reached XP level 3. HP: 13/27 MP: 2/4
  1522 | D:2      | Noticed Jessica
  1543 | D:2      | Killed Jessica
  1543 | D:2      | Reached skill level 1 in Armour
  1543 | D:2      | Reached skill level 1 in Stealth
  1602 | D:2      | Gained mutation: A weak demonic guardian rushes to your
                  | aid. [demonic ancestry]
  1602 | D:2      | Reached XP level 4. HP: 30/34 MP: 5/5
  1672 | D:2      | Noticed Natasha
  1678 | D:2      | Killed Natasha
  1905 | D:3      | Found a faded altar of an unknown god.
  1917 | D:3      | Found an iron altar of Okawaru.
  1935 | D:3      | Found a hide-covered altar of Uskayaw.
  1962 | D:3      | Became a worshipper of Uskayaw the Reveler
  2097 | D:3      | Found a shattered altar of Ashenzari.
  2128 | D:3      | Reached * piety under Uskayaw
  2166 | D:3      | Reached ** piety under Uskayaw
  2173 | D:3      | Reached *** piety under Uskayaw
  2365 | D:3      | Gained mutation: Your muscles are strong. (Str +2) [potion
                  | of mutation]
  2365 | D:3      | Gained mutation: Your spells are a little harder to cast,
                  | but a little more powerful. [potion of mutation]
  2365 | D:3      | Gained mutation: You have large cloven feet. [potion of
                  | mutation]
  2365 | D:3      | Gained mutation: You possess an exceptional clarity of
                  | mind. [potion of mutation]
  2562 | D:3      | Reached skill level 1 in Spellcasting
  2572 | D:3      | Reached **** piety under Uskayaw
  2610 | D:3      | Reached XP level 5. HP: 25/39 MP: 6/6
  2612 | D:3      | Reached skill level 1 in Invocations
  2674 | D:3      | Found a runed translucent gate.
  2675 | D:3      | Found a runed translucent gate.
  2675 | D:3      | Found an opulent altar of Gozag.
  2676 | D:3      | Found a runed translucent gate.
  2677 | D:3      | Noticed passata's ghost (amateur DEFE)
  2678 | D:3      | Noticed an ogre
  2696 | D:3      | Found a shimmering altar of Xom.
  2880 | D:3      | Killed passata's ghost
  2883 | D:3      | Killed an ogre
  2883 | D:3      | Gained mutation: You have a pair of antennae on your head.
                  | [demonic ancestry]
  2883 | D:3      | Reached XP level 6. HP: 41/47 MP: 6/8
  2971 | D:4      | Found a staircase to the Ecumenical Temple.
  2985 | Temple   | Entered the Ecumenical Temple
  3236 | D:4      | Found a radiant altar of Vehumet.
  3251 | D:4      | Noticed Blork the orc
  3286 | D:4      | Killed Blork the orc
  3286 | D:4      | Gained mutation: You have a pair of large antennae on your
                  | head. (SInv) [demonic ancestry]
  3286 | D:4      | Reached XP level 7. HP: 52/52 MP: 9/9
  3464 | D:4      | Found a radiant altar of Vehumet.
  3597 | D:4      | Found a white marble altar of Elyvilon.
  3659 | D:5      | Entered Level 5 of the Dungeon
  3659 | D:5      | Noticed Grinder
  3678 | D:5      | Killed Grinder
  3730 | D:5      | Reached ***** piety under Uskayaw
  3765 | D:5      | Found a glowing golden altar of the Shining One.
  3802 | D:5      | Reached XP level 8. HP: 57/61 MP: 11/11
  4026 | D:5      | Found a sacrificial altar of Ru.
  4163 | D:5      | Reached skill level 5 in Short Blades
  4404 | D:5      | Reached skill level 5 in Fighting
  4412 | D:5      | Reached skill level 1 in Shields
  4428 | D:5      | Noticed Grum
  4437 | D:5      | Killed Grum
  4447 | D:5      | Reached skill level 5 in Dodging
  4559 | D:6      | Found Gim Jodaef's Antique Armour Boutique.
  4820 | D:6      | Found a transporter.
  4825 | D:6      | Found a shimmering blue altar of Sif Muna.
  4829 | D:6      | Noticed a salamander
  4831 | D:6      | a salamander changed into a yak
  4837 | D:6      | Found a transporter.
  4865 | D:6      | Found an ornate altar of the Wu Jian Council.
  4938 | D:6      | Found a sacrificial altar of Ru.
  4942 | D:6      | Found a glowing silver altar of Zin.
  4972 | D:6      | Reached XP level 9. HP: 33/68 MP: 13/13
  5232 | D:6      | Reached skill level 5 in Stealth
  5402 | D:6      | Noticed an unseen horror
  5402 | D:6      | a floating eye changed into an unseen horror
  5406 | D:6      | Killed an unseen horror
  5523 | D:6      | Found a glowing golden altar of the Shining One.
  5530 | D:6      | Found a sparkling altar of Nemelex Xobeh.
  5535 | D:6      | Found a burning altar of Makhleb.
  5676 | D:7      | Reached skill level 5 in Invocations
  5791 | D:7      | Found Wuuja's Antique Weapon Boutique.
  6627 | D:8      | Learned a level 2 spell: Blink
  6630 | D:8      | Learned a level 2 spell: Slow
  6651 | D:8      | Found Sexkiot's Antique Armour Shoppe.
  6813 | D:8      | Reached XP level 10. HP: 69/77 MP: 15/15
  6860 | D:8      | Reached skill level 1 in Hexes
  6951 | D:8      | Noticed a two-headed ogre
  6963 | D:8      | Killed a two-headed ogre
  6972 | D:8      | Reached ****** piety under Uskayaw
  7427 | D:9      | Found a shimmering altar of Xom.
  7435 | D:9      | Noticed Pikel
  7459 | D:9      | Killed Pikel
  7716 | D:9      | Found a staircase to the Lair.
  7904 | D:9      | Noticed a two-headed ogre
  7906 | D:9      | Reached XP level 11. HP: 48/84 MP: 16/18
  7915 | D:9      | Killed a two-headed ogre
  8292 | D:9      | Found a staircase to the Orcish Mines.
  8443 | D:9      | Found a bloodstained altar of Trog.
  8491 | Orc:1    | Entered Level 1 of the Orcish Mines
  8516 | Orc:1    | Noticed an orc knight
  8593 | Lair:1   | Entered Level 1 of the Lair of Beasts
  8594 | Lair:1   | Noticed a seven-headed hydra
  8816 | Lair:1   | HP: 3/84 [seven-headed hydra (17)]
  8816 | Lair:1   | Slain by a seven-headed hydra

Illustrated notes

Levels and vault maps discovered:
D:1:      roderic_crop_circles_arrival_small, layout_basic, minmay_lizard_king
D:2:      layout_loops_ring, uniq_jessica, uniq_natasha
D:3:      layout_basic, evilmike_ruin_ashenzari, eat_drink_and_be_merry_uskayaw,
          lemuel_doored_altar, lemuel_round_altar,
          chequers_ecumenical_altar_simple, ebering_ghost_gozag, first_ration
D:4:      layout_basic, elyvilon_altar_3, vehumet_altar_wand_db,
          minmay_temple_entry_overgrown, roderic_cross_of_infinity,
          minmay_strange_pillars, kennysheep_diamond, uniq_blork_the_orc
D:5:      layout_cave_pools, basic_altar, serial_gnoll_camp,
          gnoll_camp_mini_hut, grums_kennel, gnoll_camp_mini_hut,
          gnoll_camp_mini_doghouse, gnoll_camp_mini_loothouse,
          nicolae_ru_path_of_blood, uniq_grinder
D:6:      layout_basic, lemuel_round_altar, gammafunk_temple_overflow_arena,
          grunt_temple_overflow_open, grunt_temple_overflow_diamond,
          serial_shops, nicolae_shop_trees, nrook_campfire, st_stairs_2
D:7:      layout_basic, serial_shops, nicolae_shop_overgrown_old_shop
D:8:      layout_cave_pods, serial_shops, kennysheep_mini_moat
D:9:      layout_rooms, david_lair_shrubbed, david_orc_2, basic_altar,
          hangedman_little_slice_of_home, trog_book, uniq_pikel
Temple:   kb_temple_of_zot
Lair:1:   layout_gridlike, beast_lair_carwin_2, grunt_megastairs_4
Orc:1:    layout_caves

Skill      XL: |  1  2  3  4  5  6  7  8  9 10 11 |
---------------+----------------------------------+-----
Short Blades   | 3 4 5 6 7 |  7.9
Armour         | 1 |  1.3
Stealth        | 1 2 3 4 6 7 |  7.8
Dodging        | 3 4 5 6 |  6.3
Spellcasting   | 1 2 3 4 |  4.9
Invocations    | 1 2 3 4 5 6 |  6.8
Fighting       | 3 4 5 6 7 |  7.3
Shields        | 1 2 3 4 |  4.0
Hexes          | 2 3 |  3.0
Throwing       | |  1.7
Translocations | |  0.1

Action                   |  1- 3 |  4- 6 |  7- 9 | 10-12 || total
-------------------------+-------+-------+-------+-------++-------
Melee: Rapier            |    84 |       |       |       ||    84
       Dagger            |    19 |   123 |   262 |   210 ||   614
       Kick              |       |    22 |    73 |    64 ||   159
Throw: Throwing net      |       |     4 |     3 |       ||     7
       Boomerang         |       |       |     3 |     2 ||     5
       Dart              |       |       |       |     2 ||     2
Invok: Line Pass         |       |       |     1 |       ||     1
       Stomp             |       |       |       |     3 ||     3
  Use: Potion            |     4 |     1 |     2 |     2 ||     9
       Scroll            |     3 |     3 |    11 |     5 ||    22
 Stab: Sleeping          |     3 |    15 |    25 |    13 ||    56
       Paralysed         |       |     2 |    12 |    16 ||    30
       Held in net/web   |       |     1 |     2 |       ||     3
       Distracted        |       |       |     4 |     3 ||     7
       Confused          |       |       |     2 |       ||     2
  Eat: Chunk             |     2 |     6 |    11 |     6 ||    25
Armor: Leather armour    |    23 |       |       |       ||    23
       Robe              |     8 |    19 |    27 |    36 ||    90
Dodge: Dodged            |    68 |    51 |   128 |   114 ||   361
Block: Buckler           |       |       |    23 |    36 ||    59
